[Event "Haarlemse Meesters-IM 2018"]
[Site "Haarlem"]
[Date "2018.10.24"]
[Round "5"]
[White "Van Baar, Esper"]
[Black "Gijswijt, Bart"]
[Result "0-1"]
[ECO "B11"]
[WhiteElo "2223"]
[BlackElo "2321"]
[Annotator "NA"]
[PlyCount "84"]
[EventDate "2018.10.17"]
[EventType "tourn"]
[EventCountry "NED"]
[SourceTitle "playchess.com"]
[Source "ChessBase"]
[SourceQuality "1"]
[TimeControl "40/5400+30:1800+30"]

1. e4 c6 2. Nc3 d5 3. Nf3 Bg4 4. h3 Bxf3 5. Qxf3 e6 6. d3 Nf6 7. Bd2 Nbd7 8. g4 d4 {[%emt 0:08:00] B11: Caro-Kann: Two Knights Variation} 9. Ne2 Qb6 10. O-O-O {[%emt 0:01:33] LiveBook: 4 Games} Rd8 $146 (10... g6 $14) ({Predecessor:} 10... e5 11. g5 Ng8 12. h4 Bb4 13. Bh3 Nf8 14. Qf5 Bxd2+ 15. Rxd2 Qc5 16. f4 {1-0 (50) Vovk,Y (2546)-Fridman,D (2650) ICC INT 2009}) 11. g5 Ng8 12. h4 Bb4 13. Bxb4 Qxb4 14. Kb1 Ne7 15. Bh3 Nc5 16. Ka1 Na4 17. Rb1 c5 18. h5 Rd6 19. Qf4 c4 20. dxc4 O-O 21. a3 Ra6 22. Nc1 Nc3 23. Na2 Nxa2 24. Kxa2 Qxc4+ 25. Ka1 Nc6 26. Bf1 Qxc2 27. Bxa6 bxa6 28. Rhc1 Qa4 29. Qd6 Na5 30. Rc7 Nb3+ 31. Ka2 Nd2 {[%emt 0:01:03] [#]} 32. b3 $2 (32. h6 $1 Qb3+ 33. Ka1) 32... Qb5 33. g6 Qb8 34. Rb2 Nxe4 35. Qc6 Nc3+ 36. Ka1 hxg6 37. hxg6 Nd5 38. gxf7+ Kh7 39. Rb7 Qe5 40. Qc2+ g6 41. Qe2 Qf5 42. Rb1 $19 (42. Qxa6 Qh3 $14) (42. Qd2 $16) 42... Qxb1+ 0-1

[Event "Haarlemse Meesters-IM 2018"]
[Site "Haarlem"]
[Date "2018.10.25"]
[Round "6"]
[White "Van Kerkhof, David"]
[Black "Daeschler, Florian"]
[Result "1-0"]
[ECO "C34"]
[WhiteElo "2371"]
[BlackElo "2254"]
[Annotator "NA"]
[PlyCount "95"]
[EventDate "2018.10.17"]
[EventType "tourn"]
[EventCountry "NED"]
[SourceTitle "playchess.com"]
[Source "ChessBase"]
[SourceQuality "1"]
[TimeControl "40/5400+30:1800+30"]

1. e4 e5 2. f4 exf4 3. Nf3 Nf6 4. e5 Nh5 5. Be2 d6 6. exd6 {[%emt 0:15:56] C34: King's Gambit Accepted: 3 Nf3: 3...Nf6 and 3...d6} Bxd6 {[%emt 0:01:13] LiveBook: 3 Games} ({Much worse is} 6... Qxd6 $6 7. Nc3 $11) 7. d4 O-O 8. O-O Bg4 (8... Nf6 9. c4 c5 10. d5 Re8 11. Ne1 g5 12. Nc3 Nbd7 13. h4 h6 14. hxg5 hxg5 {1-0 (27) Grekh,A (2368)-Anwesh,U (2387) Lvov 2016}) 9. Nc3 Nc6 $146 ({Predecessor:} 9... Re8 10. h3 Bf5 11. g4 fxg3 12. Ng5 Nf4 13. Rxf4 Qxg5 {½-½ (30) Krajnak,J-Sturc,G (2205) Tatranska Lomnica 1997}) 10. Ne4 Nf6 11. Nf2 Bh5 12. c4 Re8 13. d5 Rxe2 (13... Ne7 $142 14. Nd3 Ng6) 14. Qxe2 Nd4 15. Qd3 Nxf3+ 16. gxf3 Nd7 17. Ne4 {[%emt 0:03:15] [#]} Ne5 $1 18. Qc3 Qh4 19. c5 Nxf3+ 20. Rxf3 Qg4+ 21. Kf1 Qxf3+ 22. Qxf3 Bxf3 23. Ng5 Bxd5 24. cxd6 h6 25. Nh3 g5 26. dxc7 Rc8 27. Nxf4 $1 gxf4 28. Bxf4 Kh7 29. b3 Kg6 30. Rd1 Be6 31. Kf2 h5 32. Bg3 h4 33. Bf4 ({Not} 33. Bxh4 Rxc7 34. Ke3 Rc2 $11) 33... Kf6 34. Ke3 h3 $2 (34... Ke7 $16 {keeps fighting.} 35. Bd6+ Kd7) 35. Rd8 Ke7 36. Bd6+ Kf6 37. Kd4 Kf5 38. a4 Kf6 39. b4 Kf5 40. Ke3 f6 41. Bg3 Kg4 42. Ke4 Kg5 43. a5 Kg4 44. Kd4 Kg5 45. Kc5 f5 46. Kd6 Kf6 47. Bf4 (47. Be5+ $142 Kf7 48. a6 bxa6 49. Kc6 Rxc7+ 50. Kxc7 Ke7 51. Rd6 Bc4 52. Kb7) 47... Kf7 48. a6 $18 1-0

[Event "Haarlemse Meesters-IM 2018"]
[Site "Haarlem"]
[Date "2018.10.25"]
[Round "6"]
[White "Lenaerts, Lennert"]
[Black "Bosboom, Manuel"]
[Result "0-1"]
[ECO "A53"]
[WhiteElo "2362"]
[BlackElo "2404"]
[Annotator "ChessBase"]
[PlyCount "110"]
[EventDate "2018.10.17"]
[EventType "tourn"]
[EventCountry "NED"]
[SourceTitle "playchess.com"]
[Source "ChessBase"]
[SourceQuality "1"]
[TimeControl "40/5400+30:1800+30"]

1. d4 Nf6 2. c4 d6 3. Nc3 Nbd7 4. e4 e5 5. d5 Nc5 6. Qc2 a5 7. Nf3 Be7 8. Be3 b6 9. h3 Bd7 10. Be2 g6 11. Nd2 h5 12. g3 a4 13. f4 h4 14. g4 exf4 15. Bxf4 Nh7 16. e5 dxe5 17. Bxe5 Bf6 18. Bxf6 Nxf6 19. O-O-O O-O 20. Nf3 Qe7 21. Rhe1 Rfe8 22. Nxh4 a3 23. b3 Qe3+ 24. Qd2 Qxh3 25. Rh1 Qe3 26. Rhg1 Qxd2+ 27. Kxd2 Nfe4+ 28. Nxe4 Nxe4+ 29. Kc2 Kg7 30. Rd4 Ng5 31. Kd2 Rxe2+ 32. Kxe2 Re8+ 33. Kd3 Rh8 34. Rh1 Nf3 35. Re4 Nxh4 36. Re7 Bxg4 37. Rxc7 Bf3 38. Rh2 g5 39. d6 Rd8 40. Ke3 Rxd6 41. Rxh4 gxh4 42. Kxf3 Rd2 43. Kg4 Rxa2 44. Ra7 Ra1 45. Kh3 Kf6 46. Kh2 Ke5 47. b4 f5 48. c5 bxc5 49. bxc5 Kd5 50. Rf7 a2 51. Rxf5+ Ke4 52. Rf2 Rh1+ 53. Kxh1 a1=Q+ 54. Kh2 Qe5+ 55. Kg2 Qg3+ 0-1

[Event "Haarlemse Meesters-IM 2018"]
[Site "Haarlem"]
[Date "2018.10.25"]
[Round "6"]
[White "Basman, Michael J"]
[Black "Vedder, Richard"]
[Result "1-0"]
[ECO "A00"]
[WhiteElo "2313"]
[BlackElo "2288"]
[Annotator "ChessBase"]
[PlyCount "169"]
[EventDate "2018.10.17"]
[EventType "tourn"]
[EventCountry "NED"]
[SourceTitle "playchess.com"]
[Source "ChessBase"]
[SourceQuality "1"]
[TimeControl "40/5400+30:1800+30"]

1. g4 d5 2. h3 e5 3. Bg2 h5 4. g5 c6 5. d4 Nd7 6. c4 dxc4 7. Nc3 exd4 8. Qxd4 Nb6 9. Qxd8+ Kxd8 10. Bf4 Be6 11. O-O-O+ Ke8 12. e4 Ne7 13. Nge2 Ng6 14. Bg3 h4 15. Bh2 Bc5 16. f4 Bd7 17. f5 Nf8 18. Kc2 g6 19. Bd6 Bxd6 20. Rxd6 Ke7 21. Rd2 gxf5 22. Nd4 fxe4 23. Nxe4 Nd5 24. Re1 Be6 25. Nc5 Nb4+ 26. Kb1 Nd3 27. Nxd3 cxd3 28. Rxd3 Ng6 29. Be4 Rhg8 30. Bf5 Nf8 31. g6 Rxg6 32. Bxg6 Nxg6 33. Rde3 Nf4 34. Re4 Nxh3 35. Nxe6 fxe6 36. Rxe6+ Kd7 37. Rh6 Nf4 38. Rxh4 Nd5 39. Rh7+ Kd6 40. Rxb7 a5 41. a3 Ra6 42. Rh1 Ra8 43. Rhh7 Kc5 44. Ra7 Rxa7 45. Rxa7 Kb5 46. Kc2 a4 47. Rb7+ Kc4 48. b3+ axb3+ 49. Rxb3 Kc5 50. Rb8 Nb6 51. Kb3 Kb5 52. a4+ Ka5 53. Rh8 Nd5 54. Ra8+ Kb6 55. Kc4 Kb7 56. Rh8 Kb6 57. Rb8+ Ka5 58. Ra8+ Kb6 59. a5+ Kb7 60. Rh8 Nf4 61. Rf8 Ng6 62. Rf6 Ne5+ 63. Kd4 Ng4 64. Rg6 Nf2 65. Rg2 c5+ 66. Kxc5 Ne4+ 67. Kd4 Nd6 68. Kd5 Nb5 69. Kc5 Na7 70. Rg6 Nc8 71. a6+ Kb8 72. Rg8 Kc7 73. Rg7+ Kb8 74. Rb7+ Ka8 75. Kc6 Na7+ 76. Kd7 Nc6 77. Rb6 Na5 78. Rb5 Nc4 79. Rb4 Na5 80. Ra4 Nb3 81. Kc6 Ka7 82. Kd5 Nd2 83. Ra3 Nb1 84. Rd3 Kxa6 85. Kc4 1-0

[Event "Haarlemse Meesters-IM 2018"]
[Site "Haarlem"]
[Date "2018.10.26"]
[Round "7"]
[White "Harff, Marcel"]
[Black "Van Kerkhof, David"]
[Result "1-0"]
[ECO "A35"]
[WhiteElo "2420"]
[BlackElo "2371"]
[Annotator "NA"]
[PlyCount "67"]
[EventDate "2018.10.17"]
[EventType "tourn"]
[EventCountry "NED"]
[SourceTitle "playchess.com"]
[Source "ChessBase"]
[SourceQuality "1"]
[TimeControl "40/5400+30:1800+30"]

1. c4 c5 2. Nf3 g6 3. Nc3 Bg7 4. d4 cxd4 5. Nxd4 Nc6 6. e3 Nf6 7. g3 {[%emt 0:03:45] A35: Symmetrical English: 2 Nc3 Nc6 3 Nf3} d5 8. cxd5 Nxd5 9. Bg2 Nxc3 10. bxc3 {[%emt 0:00:03] LiveBook: 3 Games} Na5 11. O-O O-O 12. Ba3 Qc7 $146 ({Predecessor:} 12... Bd7 13. Bb4 Rb8 14. Rc1 b5 15. Qe2 Bf6 16. Rfd1 Qc7 17. Bxa5 Qxa5 18. Bc6 Bxd4 19. cxd4 Bxc6 20. Rxc6 {½-½ (31) Rechlis,G (2475)-Sabi,Y (2295) Israel 1988}) 13. Bb4 Nc4 14. Qe2 Nd6 15. Rab1 a6 16. Bxd6 exd6 17. Qb2 Rb8 18. Qb6 Qxc3 19. Qxd6 Bg4 {[%emt 0:00:13] [#]} (19... Ra8 $1 $14) 20. Nc6 $1 Rbe8 21. Rfc1 Be5 22. Rxc3 Bxd6 23. Rxb7 Rc8 24. Bd5 Be6 25. Bxe6 fxe6 26. Rb6 a5 27. Ra6 $18 Rc7 28. Rd3 Bb4 29. a3 Be1 30. f4 Rfc8 31. Rd6 Kf7 32. Kg2 Bc3 33. Kf3 Bg7 34. Nd8+ 1-0

[Event "Haarlemse Meesters-IM 2018"]
[Site "Haarlem"]
[Date "2018.10.26"]
[Round "7"]
[White "Bosboom, Manuel"]
[Black "Van Baar, Esper"]
[Result "1-0"]
[ECO "A37"]
[WhiteElo "2404"]
[BlackElo "2223"]
[Annotator "NA"]
[PlyCount "61"]
[EventDate "2018.10.17"]
[EventType "tourn"]
[EventCountry "NED"]
[SourceTitle "playchess.com"]
[Source "ChessBase"]
[SourceQuality "1"]
[TimeControl "40/5400+30:1800+30"]

1. c4 c5 2. g3 g6 3. Bg2 Bg7 4. Nc3 d6 5. Nf3 Nc6 6. Rb1 e5 7. a3 a5 8. d3 Nge7 9. Bg5 f6 10. Bd2 Be6 {[%emt 0:01:27] LiveBook: 7 Games} 11. O-O O-O 12. Qc1 Rb8 13. h4 {[%emt 0:03:35] [#] A37: Symmetrical English vs ...g6: 4 Bg2 Bg7 5 Nf3} Qd7 $146 ({Predecessor:} 13... b6 14. e4 Qd7 15. Kh2 Bg4 16. Ng1 Rf7 17. f3 Be6 18. Nge2 f5 19. f4 {0-1 (29) Sahu,R (2097)-Ismagambetov,A (2525) Bhubaneswar 2009}) 14. Re1 b6 15. Bh6 d5 16. Bxg7 Kxg7 17. cxd5 Nxd5 18. Nd2 Nd4 19. e3 Nc6 20. Nce4 Nde7 21. Nc4 Qxd3 $11 (21... Rfd8 $15 22. Rd1 Bg4) 22. Nxb6 Rxb6 23. Nxc5 Qd6 24. Rd1 Bd5 25. Bxd5 Nxd5 26. Qc4 Rd8 27. Rbc1 Nce7 28. e4 Rxb2 29. exd5 Rc8 30. Ne6+ Kh8 31. Qxc8+ 1-0

[Event "Haarlemse Meesters-IM 2018"]
[Site "Haarlem"]
[Date "2018.10.26"]
[Round "7"]
[White "Vedder, Richard"]
[Black "Lenaerts, Lennert"]
[Result "0-1"]
[ECO "C60"]
[WhiteElo "2288"]
[BlackElo "2362"]
[Annotator "NA"]
[PlyCount "52"]
[EventDate "2018.10.17"]
[EventType "tourn"]
[EventCountry "NED"]
[SourceTitle "playchess.com"]
[Source "ChessBase"]
[SourceQuality "1"]
[TimeControl "40/5400+30:1800+30"]

1. e4 e5 2. Nf3 Nc6 3. Bb5 g6 4. c3 d6 5. d4 Bd7 6. d5 {[%emt 0:00:12] C60: Ruy Lopez: Unusual Black 3rd moves and 3...g6} (6. O-O Bg7 7. Be3 Nf6 8. dxe5 dxe5 9. Nbd2 O-O 10. Re1 Re8 11. h3 h6 12. a4 a6 13. Bc4 b6 14. b4 Qc8 15. a5 bxa5 16. bxa5 {½-½ (24) Tari,A (2597)-Kamsky,G (2677) Moscow 2018}) 6... Nce7 7. Bxd7+ Qxd7 8. c4 Bg7 9. Nc3 h6 10. O-O f5 {[%emt 0:00:02] LiveBook: 6 Games} 11. Ne1 Nf6 12. f3 O-O 13. c5 $146 ({Predecessor:} 13. Nd3 g5 14. c5 g4 15. Be3 {1-0 (33) Petrik,T (2461)-Repka,C (2429) Banska Stiavnica 2015}) 13... dxc5 14. Nd3 Qd6 15. Be3 b6 $1 16. Nb5 $1 Qd8 $1 17. Qb3 ({Better is} 17. Nxe5 $15 Nfxd5 18. Bxh6 Bxh6 19. exd5) 17... Kh7 18. Rfd1 $2 (18. Nxe5 $17 Nfxd5 19. Nxg6 Nxe3 20. Nxf8+ Qxf8 21. Qxe3) 18... fxe4 19. Nxe5 exf3 ({Less strong is} 19... Nexd5 20. Nc3 $17) 20. d6 cxd6 21. Nxd6 Nfd5 22. Rxd5 Nxd5 23. Qxd5 Rf5 24. Qxa8 $19 Qxa8 25. Nxf5 Bxe5 26. Nxh6 Qe4 0-1

[Event "Haarlemse Meesters-IM 2018"]
[Site "Haarlem"]
[Date "2018.10.27"]
[Round "8"]
[White "Lenaerts, Lennert"]
[Black "Daeschler, Florian"]
[Result "1-0"]
[ECO "D36"]
[WhiteElo "2362"]
[BlackElo "2254"]
[Annotator "NA"]
[PlyCount "83"]
[EventDate "2018.10.17"]
[EventType "tourn"]
[EventCountry "NED"]
[SourceTitle "playchess.com"]
[Source "ChessBase"]
[SourceQuality "1"]
[TimeControl "40/5400+30:1800+30"]

1. d4 d5 2. c4 e6 3. Nc3 Nf6 4. cxd5 exd5 5. Bg5 c6 6. e3 Be7 7. Bd3 Nbd7 8. Qc2 h6 9. Bh4 Nh5 10. Bxe7 Qxe7 11. Nge2 Nb6 12. O-O-O {[%emt 0:04:30] D36: Queen's Gambit Declined: Exchange Variation: Main line (5 Bg5 c6 6 Qc2)} (12. O-O O-O 13. Rae1 Be6 14. Nc1 Rad8 15. Nb3 Rfe8 16. Nc5 Bc8 17. b4 Nc4 18. Qe2 Qg5 19. f4 Qh4 20. Bxc4 dxc4 {0-1 (37) Navara,D (2724)-Adams,M (2740) Biel 2015 CBM 168 [Krasenkow,M]}) 12... Bd7 {[%emt 0:00:38] LiveBook: 7 Games} 13. Kb1 O-O-O 14. Rhe1 $146 ({Predecessor:} 14. Qb3 Kb8 15. a4 c5 16. Qa3 Rc8 17. a5 Nc4 18. Qa2 Be6 19. Bxc4 dxc4 {½-½ (58) Leniart,A (2489)-Grinev,V (2412) Suwalki 2018}) 14... Kb8 15. f3 Rhe8 (15... Qxe3 $15 16. Ng3 Qg5) 16. e4 dxe4 17. fxe4 Bc8 18. Qc1 Qg5 19. g3 Qxc1+ 20. Kxc1 Re7 21. b3 g6 22. Rf1 Bh3 23. Rf2 Ng7 24. Bc4 Nxc4 25. bxc4 Ne8 26. e5 Be6 27. c5 $15 Bf5 28. Rdf1 Nc7 29. g4 Bxg4 30. Rxf7 Rxf7 31. Rxf7 Ne6 32. Rf6 Nxd4 33. Nxd4 Rxd4 34. Rxg6 h5 35. e6 Rd8 36. e7 Re8 37. Rg7 Bf5 38. Rf7 Bg6 39. Rf6 Bh7 40. Rf8 Bg6 41. Rxe8+ Bxe8 42. Ne4 1-0

[Event "Haarlemse Meesters-IM 2018"]
[Site "Haarlem"]
[Date "2018.10.27"]
[Round "8"]
[White "Gijswijt, Bart"]
[Black "Van Kerkhof, David"]
[Result "0-1"]
[ECO "E10"]
[WhiteElo "2321"]
[BlackElo "2371"]
[Annotator "NA"]
[PlyCount "86"]
[EventDate "2018.10.17"]
[EventType "tourn"]
[EventCountry "NED"]
[SourceTitle "playchess.com"]
[Source "ChessBase"]
[SourceQuality "1"]
[TimeControl "40/5400+30:1800+30"]

1. d4 Nf6 2. c4 c5 3. d5 b5 4. Nf3 e6 5. dxe6 fxe6 6. cxb5 d5 7. Nc3 Be7 {[%emt 0:07:15] E10: Blumenfeld Gambit} (7... Nbd7 8. Bf4 d4 9. Nb1 Nd5 10. Bg3 a6 11. e4 dxe3 12. fxe3 Nxe3 13. Qb3 Nxf1 14. Rxf1 axb5 15. Nc3 c4 16. Qxb5 Qb6 17. O-O-O Bc5 18. Ne5 Qxb5 19. Nxb5 Nxe5 20. Nc7+ Ke7 21. Bh4+ {1-0 (21) Milov,V (2681)-Tregubov,P (2646) Ajaccio 2008}) 8. e4 d4 {[%emt 0:03:21] LiveBook: 5 Games} 9. e5 Ng4 (9... dxc3 $11 {remains equal.} 10. exf6 Bxf6 11. Qxd8+ Kxd8) 10. Ne4 (10. Ne2 $16) 10... Nd7 11. Nfg5 Ndxe5 12. f4 $1 O-O $1 13. fxe5 $146 ({Predecessor:} 13. h3 $5 Nf6 14. fxe5 Nxe4 15. Nxe4 $14 {1-0 (34) Ernst,S (2568)-Snuverink,J (2357) Netherlands 2014}) 13... Nxe5 14. Qb3 Qd5 15. Qxd5 $1 exd5 16. Ng3 Bg4 17. Be2 Rae8 $11 18. Bxg4 Bxg5 19. Bh5 Bxc1 20. Rxc1 Nd3+ 21. Kd2 Rf2+ 22. Ne2 Nxc1 23. Rxc1 Re5 24. Bf3 c4 25. b3 d3 26. bxc4 dxc4 27. Ke1 Rexe2+ 28. Bxe2 Rxe2+ 29. Kd1 Rxa2 30. Rxc4 Rxg2 31. h4 Rb2 32. Rc5 Kf7 33. Rd5 Ke6 34. Rg5 Kf6 35. Rh5 Kg6 36. Rg5+ Kh6 37. Rd5 Rh2 38. Rd4 Rb2 39. Rd5 Rb4 40. Kd2 Rxh4 41. Kxd3 Ra4 42. Ke3 g5 43. Kf3 Kh5 0-1

[Event "Haarlemse Meesters-IM 2018"]
[Site "Haarlem"]
[Date "2018.10.27"]
[Round "8"]
[White "Van Baar, Esper"]
[Black "Vedder, Richard"]
[Result "1-0"]
[ECO "C47"]
[WhiteElo "2223"]
[BlackElo "2288"]
[Annotator "NA"]
[PlyCount "107"]
[EventDate "2018.10.17"]
[EventType "tourn"]
[EventCountry "NED"]
[SourceTitle "playchess.com"]
[Source "ChessBase"]
[SourceQuality "1"]
[TimeControl "40/5400+30:1800+30"]

1. e4 e5 2. Nf3 Nc6 3. Nc3 Nf6 4. a3 d6 5. Bb5 {[%emt 0:03:40] C47: Scotch Four Knights and Four Knights with 4 g3} (5. d4 Bg4 6. dxe5 dxe5 7. Qxd8+ Rxd8 8. Bb5 Bxf3 9. gxf3 Bd6 10. Bg5 O-O 11. Bxf6 gxf6 12. Nd5 Nd4 13. Bd3 Nxf3+ {½-½ (55) Safarli,E (2639)-Anton Guijarro,D (2666) Riadh 2017}) 5... Bd7 6. d4 exd4 7. Nxd4 Be7 8. O-O O-O {[%emt 0:00:34] LiveBook: 6 Games} 9. Nxc6 bxc6 10. Bc4 Rb8 $146 ({Predecessor:} 10... Be6 11. Bxe6 fxe6 12. Qe2 Nd7 13. Be3 Bf6 14. Qc4 d5 15. Qxc6 d4 {1-0 (26) Just,B (1469)-Nash,C (1092) Chessfriend.com 2003}) 11. b3 Ng4 12. Bb2 Ne5 13. Be2 f5 14. f4 Ng6 15. Bh5 (15. exf5 $14 Rxf5 16. g3) 15... Bf6 16. Qd3 fxe4 17. Qxe4 d5 18. Qd3 Bf5 19. Qd2 d4 20. Na4 $11 d3 21. Bxf6 Qxf6 22. g4 Be4 23. Qe3 Rbe8 24. Nc5 Bg2 25. Qxd3 Bxf1 26. Rxf1 Qd6 27. Qc4+ Kh8 28. Nd3 Re2 29. g5 Re3 30. Bxg6 Qxg6 31. Qd4 Re2 32. Qc5 Rfe8 33. Ne5 Qh5 34. Rf2 Rxf2 35. Qxf2 Qd1+ 36. Kg2 Qd5+ 37. Kg3 c5 38. Qe2 Kg8 39. a4 Rd8 40. Qg4 Qd6 41. Qf5 Rf8 42. Qg4 Re8 43. Qf5 Qd5 44. h4 Qe6 45. Qd3 h5 46. g6 c6 47. Qf3 Rd8 48. Qxh5 Rd2 49. Qh7+ Kf8 50. h5 Qd5 51. Nf3 Rxc2 52. h6 Qg8 53. Qxg8+ Kxg8 54. h7+ 1-0

[Event "Haarlemse Meesters-IM 2018"]
[Site "Haarlem"]
[Date "2018.10.28"]
[Round "9"]
[White "Daeschler, Florian"]
[Black "Van Baar, Esper"]
[Result "1/2-1/2"]
[ECO "E62"]
[WhiteElo "2254"]
[BlackElo "2223"]
[Annotator "NA RC"]
[PlyCount "45"]
[EventDate "2018.10.17"]
[EventType "tourn"]
[EventCountry "NED"]
[SourceTitle "playchess.com"]
[Source "ChessBase"]
[SourceQuality "1"]
[TimeControl "40/5400+30:1800+30"]

1. d4 d6 2. Nf3 Nf6 3. g3 g6 4. Bg2 Bg7 5. c4 O-O 6. Nc3 c6 7. O-O Bf5 8. b3 Ne4 9. Bb2 Nxc3 10. Bxc3 Be4 11. Rc1 d5 12. Qd2 {[%emt 0:04:30] LiveBook: 13 Games E62: King's Indian: Fianchetto: 6...c6 and Panno Variation (6...Nc6) without ...a6} Nd7 13. cxd5 {[%emt 0:00:26] [#]} (13. Rfd1 e6 14. e3 Re8 15. Qe2 Qe7 {½-½ (15) Predojevic,B (2652)-Jankovic,A (2575) Bihac 2016}) 13... cxd5 $146 ({Predecessor:} 13... Bxd5 14. Ba5 b6 15. Bc3 Nf6 16. Rfd1 Rc8 17. Bb2 Rc7 18. Ne5 Bxg2 19. Kxg2 Qa8 20. Qf4 {½-½ (32) Zueger,B (2465)-Hort,V (2550) Prague 1996}) 14. Ba5 b6 15. Bb4 a5 16. Ba3 b5 17. Bc5 Re8 18. Ne1 $11 Bxg2 19. Kxg2 Rc8 20. Nd3 Nf8 21. a3 Ne6 22. e3 Ng5 23. f3 1/2-1/2